 Dungeon Crawl Stone Soup version 0.26.1-11-gd32895ea62 (webtiles) character file.

Game seed: 8424837780533231806

9715 nothank2 the Bludgeoner (level 11, -7/62 HPs)
             Began as a Gargoyle Fighter on July 10, 2021.
             Was a Priest of Makhleb.
             Mangled by a komodo dragon (22 damage)
             ... on level 2 of the Lair of Beasts.
             The game lasted 00:30:45 (11754 turns).

nothank2 the Bludgeoner (Gargoyle Fighter)         Turns: 11754, Time: 00:30:45

Health: -7/62      AC: 25    Str: 28    XL:     11   Next: 50%
Magic:  13/13      EV:  5    Int: 14    God:    Makhleb [***...]
Gold:   388        SH: 15    Dex:  9    Spells: 6/10 levels left

rFire    + . .     SeeInvis .   N - +6 mace "Giant's Nightmare" {vorpal, rF+ rN++ Int+4}
rCold    . . .     Faith    .   c - +0 kite shield
rNeg     + + +     Spirit   .   y - +0 plate armour
rPois    ∞         Reflect  +   B - +1 helmet
rElec    +         Harm     .   w - +0 cloak
rCorr    +         Rampage  .   H - +0 pair of gloves
Will     .....                  j - +0 pair of boots
Stlth    ..........             A - amulet of reflection
HPRegen  0.20/turn              K - +6 ring of strength
MPRegen  0.13/turn              a - ring of resist corrosion

@: no status effects
A: negative energy resistance 1, electricity resistance, unbreathing,
petrification resistance, miasma immunity, AC +8
a: Renounce Religion, Minor Destruction, Lesser Servant of Makhleb


You were on level 2 of the Lair of Beasts.
You worshipped Makhleb.
Makhleb was most pleased with you.
You visited 3 branches of the dungeon, and saw 14 of its levels.

You collected 792 gold pieces.
You spent 404 gold pieces at shops.

Inventory:

Hand Weapons
 u - a +2 whip of electrocution
 G - the +2 mace of Xaupp {flame, +Blink +Fly Stlth+}
   (You bought it in a shop on level 7 of the Dungeon)

   It has been specially enchanted to burn those struck by it, causing extra
   injury to most foes and up to half again as much damage against particularly
   susceptible opponents.
   It lets you fly.
   It lets you blink.
   It makes you more stealthy.
 N - the +6 mace "Giant's Nightmare" (weapon) {vorpal, rF+ rN++ Int+4}
   (You found it on level 8 of the Dungeon)

   It inflicts extra damage upon your enemies.
   It affects your intelligence (+4).
   It protects you from fire.
   It greatly protects you from negative energy.
Missiles
 r - 32 poisoned darts (quivered)
Armour
 c - a +0 kite shield (worn)
 j - a +0 pair of boots (worn)
 w - a +0 cloak (worn)
 y - a +0 plate armour (worn)
 B - a +1 helmet (worn)
 H - a +0 pair of gloves (worn)
Jewellery
 a - a ring of resist corrosion (right hand)
 l - an uncursed ring of fire
 A - an amulet of reflection (around neck)
 K - a +6 ring of strength (left hand)
 L - an uncursed amulet of magic regeneration
 P - an uncursed ring of wizardry
Wands
 h - a wand of polymorph (5)
 t - a wand of disintegration (14)
 v - a wand of digging (3)
 E - a wand of random effects (45)
 F - a wand of iceblast (10)
 I - a wand of flame (13)
 U - a wand of paralysis (9)
 V - a wand of enslavement (14)
Scrolls
 g - 11 scrolls of remove curse
 m - 2 scrolls of enchant armour {unknown}
 n - 12 scrolls of identify
 x - 4 scrolls of fear
 C - a scroll of teleportation {unknown}
 D - 3 scrolls of fog
 J - a scroll of blinking {unknown}
 M - a scroll of vulnerability {unknown}
 O - a scroll of random uselessness {unknown}
 Q - 2 scrolls of magic mapping {unknown}
 R - 3 scrolls of enchant weapon
 S - 2 scrolls of amnesia {unknown}
Potions
 b - 2 potions of heal wounds {unknown}
 d - 3 potions of might
 e - 3 potions of attraction {unknown}
 f - 4 potions of haste
 i - 2 potions of mutation
 k - 3 potions of brilliance
 o - 2 potions of invisibility {unknown}
 p - 3 potions of curing {unknown}
 q - 3 potions of degeneration {unknown}
 s - 2 potions of flight {unknown}
 z - 2 potions of berserk rage {unknown}
 T - 2 potions of lignification {unknown}


   Skills:
 + Level 4.6 Fighting
 + Level 15.8 Maces & Flails
 + Level 4.6 Armour
 + Level 4.6 Shields
 + Level 2.8 Invocations


You had 6 spell levels left.
You knew the following spells:

 Your Spells              Type           Power        Failure   Level
a - Blink                 Tloc           N/A          100%        2
b - Swiftness             Air            0%           100%        2

Your spell library contained the following spells:

 Spells                   Type           Power        Failure   Level
 Corona                   Hex            0%           100%        1
 Magic Dart               Conj           0%           100%        1
 Shock                    Conj/Air       0%           100%        1
 Call Imp                 Summ           0%           100%        2
 Slow                     Hex            0%           100%        2
 Conjure Flame            Conj/Fire      0%           100%        3
 Inner Flame              Hex/Fire       0%           100%        3
 Mephitic Cloud           Conj/Pois/Air  0%           100%        3
 Portal Projectile        Hex/Tloc       0%           100%        3
 Static Discharge         Conj/Air       0%           100%        3
 Airstrike                Air            0%           100%        4
 Cause Fear               Hex            0%           100%        4
 Leda's Liquefaction      Hex/Erth       0%           100%        4
 Lightning Bolt           Conj/Air       0%           100%        5


Dungeon Overview and Level Annotations

Branches:
Dungeon (11/15)            Temple (1/1) D:5            Lair (2/6) D:9
 Spider (0/4) Lair:2          Orc (0/2) D:11
  Swamp: Lair:2-4    Shoals: Lair:2-4

Altars:
Ashenzari
Cheibriados
Dithmenos
Elyvilon
Fedhas
Kikubaaqudgha
Makhleb
Qazlal
Ru
Sif Muna
Trog
Vehumet
Wu Jian
The Shining One

Shops:
D:5 (   D:7 ((=

Annotations:
Lair:2 Gastronok


Innate Abilities, Weirdness & Mutations

You are resistant to torment.
Your stone body is resilient. (AC +8)
You are immune to poison.
You resist negative energy. (rN+)
You are resistant to electric shocks. (rElec)
You can survive without breathing.
You are immune to petrification.
You are immune to miasma.


Message History

You block the komodo dragon's attack.
Gastronok waves his eye-stalks in wide circles.
The air twists around and strikes you!
You sock Gastronok!
Gastronok is moderately wounded.
You block the bat's attack. The bat hits you but does no damage.
You block the rat's attack. You block the komodo dragon's attack.
You sock Gastronok!
Gastronok is moderately wounded.
You block the bat's attack. The rat bites you but does no damage.
The river rat is caught in a web!
Gastronok bites you!
* * * LOW HITPOINT WARNING * * *
You hit Gastronok.
Gastronok is heavily wounded.
The komodo dragon completely misses you.
You block the rat's attack.
The river rat pulls away from the web.
You hit Gastronok.
Gastronok is heavily wounded.
The komodo dragon bites you!!
You die...

....# ..###P ... ....
......
....###.#.##..#.P.
..................
P.................
..##.#..........b.......
...............rlr......
.#.#.#.###..^.##@w#
................^.#
##....P...#^#..###^#
..............^..###
P...........^...>.#
...........##.^.#^^.#
..####.#....†........
.#.#####P...#.#####^.
..............^# .#


You could see Gastronok, a komodo dragon, a river rat (summoned), a bat
(summoned) and a rat (summoned).

Vanquished Creatures
  A hydra (Lair:1)
  A two-headed ogre (D:9)
  A cane toad (Lair:1)
  A komodo dragon (D:9)
  A polar bear (Lair:1)
  A hornet (D:7)
  The ghost of PedroKMD the Poker, an amateur MfGl of Zin (D:4)
  A troll (D:8)
  A wyvern (Lair:1)
  A redback (Lair:2)
  14 yaks
  Menkaure (D:7)
  3 water moccasins
  Duvessa (D:5)
  2 orc warriors
  A phantom (D:4)
  3 sky beasts
  5 black bears
  An ice beast (D:10)
  5 ogres
  3 centaurs
  2 big kobolds
  Blork the orc (D:6)
  8 bullfrogs
  Dowan (D:5)
  A wyvern skeleton (D:4)
  2 scorpions
  5 killer bees (D:8)
  4 wights (D:9)
  A howler monkey (D:5)
  2 bullfrog skeletons
  A centaur skeleton (D:9)
  A hound (D:9)
  7 orc priests
  A jelly (D:9)
  8 orc wizards
  2 iguanas (D:4)
  9 worker ants
  A hound skeleton (D:5)
  9 adders
  2 shadow imps
  A white imp (D:6)
  2 ufetubi
  An ooze (D:4)
  2 adder skeletons (D:5)
  2 worms
  2 dart slugs (D:1)
  6 leopard geckos
  23 orcs
  7 bats
  2 giant cockroaches (D:1)
  7 hobgoblins
  10 jackals
  2 quokkas
  2 ball pythons (D:1)
  5 frilled lizards
  8 goblins
  21 kobolds
  A leopard gecko skeleton (D:4)
  A quokka skeleton (D:7)
  4 rats
226 creatures vanquished.

Vanquished Creatures (others)
  A kobold (D:8)
  23 fungi
  22 plants
46 creatures vanquished.

Grand Total: 272 creatures vanquished

Notes
Turn   | Place    | Note
-------+----------+-------------------------------------------
     0 | D:1      | nothank2 the Gargoyle Fighter began the quest for the Orb.
     0 | D:1      | Reached XP level 1. HP: 14/14 MP: 1/1
    27 | D:1      | Reached XP level 2. HP: 17/19 MP: 2/2
    41 | D:1      | Reached skill level 3 in Maces & Flails
   316 | D:1      | Reached XP level 3. HP: 23/23 MP: 3/3
  1416 | D:3      | Reached skill level 4 in Maces & Flails
  1698 | D:3      | Reached XP level 4. HP: 27/28 MP: 4/4
  2069 | D:3      | Noticed a centaur
  2089 | D:3      | Killed a centaur
  2090 | D:3      | Reached skill level 5 in Maces & Flails
  2090 | D:3      | Reached XP level 5. HP: 19/32 MP: 5/5
  2763 | D:4      | Reached skill level 6 in Maces & Flails
  2763 | D:4      | Reached XP level 6. HP: 6/37 MP: 6/6
  3287 | D:4      | You fall into a shaft and drop 3 floors!
  3317 | D:6      | Noticed a sky beast
  3349 | D:6      | Killed a sky beast
  3350 | D:6      | Reached skill level 7 in Maces & Flails
  3361 | D:6      | Reached XP level 7. HP: 34/41 MP: 7/7
  3424 | D:6      | Noticed Blork the orc
  3433 | D:6      | Killed Blork the orc
  3599 | D:6      | Reached skill level 8 in Maces & Flails
  3665 | D:5      | Entered Level 5 of the Dungeon
  3852 | D:4      | Reached skill level 9 in Maces & Flails
  3852 | D:4      | Reached XP level 8. HP: 46/46 MP: 8/8
  3890 | D:4      | Found a runed translucent gate.
  3890 | D:4      | Found a runed translucent gate.
  3890 | D:4      | Found a runed translucent gate.
  3891 | D:4      | Noticed PedroKMD's ghost (amateur MfGl)
  4154 | D:4      | Killed PedroKMD's ghost
  4293 | D:5      | Reached skill level 10 in Maces & Flails
  4313 | D:5      | Found Amisoll's Antique Weapon Boutique.
  4319 | D:5      | Noticed Duvessa
  4322 | D:5      | Noticed Dowan
  4336 | D:5      | Killed Duvessa
  4349 | D:5      | Killed Dowan
  4451 | D:5      | Reached skill level 11 in Maces & Flails
  4533 | D:5      | Reached XP level 9. HP: 42/51 MP: 9/9
  4727 | D:5      | Found a staircase to the Ecumenical Temple.
  4738 | Temple   | Entered the Ecumenical Temple
  4813 | Temple   | Became a worshipper of Makhleb the Destroyer
  4893 | D:5      | Found a glowing golden altar of the Shining One.
  6001 | D:7      | Found Kynlaom's Jewellery Emporium.
  6026 | D:7      | Bought an uncursed ring of resist corrosion for 220 gold
                  | pieces
  6140 | D:7      | Noticed Menkaure
  6148 | D:7      | Killed Menkaure
  6265 | D:7      | Found Gyolut's Antique Weapon Emporium.
  6270 | D:7      | Bought an iridescent mace for 184 gold pieces
  6270 | D:7      | Identified the +2 mace of Xaupp {flame, +Blink +Fly Stlth+}
                  | (You bought it in a shop on level 7 of the Dungeon)
  6512 | D:7      | Found Gofowoed's Antique Weapon Shoppe.
  6638 | D:8      | Noticed a hornet
  6638 | D:8      | Noticed a troll
  6659 | D:7      | Killed a hornet
  6660 | D:7      | Reached skill level 12 in Maces & Flails
  6853 | D:8      | Killed a troll
  6948 | D:8      | Reached * piety under Makhleb
  6957 | D:8      | Got a steaming mace
  7629 | D:8      | Found a sacrificial altar of Ru.
  7680 | D:9      | Noticed a two-headed ogre
  7690 | D:9      | Killed a two-headed ogre
  7691 | D:9      | Reached skill level 13 in Maces & Flails
  7691 | D:9      | Reached XP level 10. HP: 15/56 MP: 10/10
  7919 | D:8      | Identified the +6 mace "Giant's Nightmare" {vorpal, rF+
                  | rN++ Int+4} (You found it on level 8 of the Dungeon)
  8057 | D:9      | Reached skill level 14 in Maces & Flails
  8400 | D:9      | Reached ** piety under Makhleb
  8425 | D:9      | Found a staircase to the Lair.
  8453 | D:9      | Reached skill level 15 in Maces & Flails
  8663 | D:9      | Found a shadowy altar of Dithmenos.
  8663 | D:9      | Found a snail-covered altar of Cheibriados.
  8664 | D:9      | Found a bloodstained altar of Trog.
  9356 | D:10     | Entered Level 10 of the Dungeon
  9616 | D:10     | Reached XP level 11. HP: 60/60 MP: 11/11
 10097 | D:11     | Found a staircase to the Orcish Mines.
 10097 | D:11     | Noticed an eight-headed hydra
 10356 | Lair:1   | Entered Level 1 of the Lair of Beasts
 10403 | Lair:1   | Noticed an eight-headed hydra
 10413 | Lair:1   | Killed an eight-headed hydra
 10414 | Lair:1   | Reached skill level 1 in Invocations
 10805 | Lair:1   | Reached *** piety under Makhleb
 11069 | Lair:1   | Learned a level 2 spell: Blink
 11072 | Lair:1   | Learned a level 2 spell: Swiftness
 11729 | Lair:2   | Found a hole to the Spider Nest.
 11739 | Lair:2   | Noticed Gastronok
 11754 | Lair:2   | Mangled by a komodo dragon

Illustrated notes

Levels and vault maps discovered:
D:1:      minmay_arrival_checkered_box, layout_rooms, minmay_misc_feat_chi
D:2:      layout_basic
D:3:      layout_loops_corners, chequers_big_river, hex_tiny,
          serial_bayou_crossing
D:4:      layout_loops_ring, gammafunk_ghost_necromancy
D:5:      layout_basic, minmay_temple_entry_glass, serial_shops, shop,
          tso_altar, uniq_duvessa
D:6:      layout_basic, grunt_decor_one_mirror, grunt_decor_cap,
          uniq_blork_the_orc
D:7:      layout_basic, serial_shops, nicolae_shop_behind_doors,
          nicolae_shop_crystal, shop, minmay_misc_feat_more_columns,
          uniq_menkaure
D:8:      layout_rooms, nicolae_ru_the_path_less_chosen
D:9:      layout_stronghold, gammafunk_temple_overflow_claw,
          due_lair_maze_entry_diamond
D:10:     layout_loops_ring, nrook_uturn
D:11:     layout_cave_pools, orc_0_dummy, serial_bayou, serial_bayou_shore_b,
          serial_bayou_pond_e, serial_bayou_shore_a, serial_bayou_pond_d,
          grunt_ministairs_8
Temple:   dpeg_five_rooms_temple
Lair:1:   layout_gridlike, minivault_19, infiniplex_staircase_pool_2
Lair:2:   layout_long_grid, minmay_swamp_entry_worms, spider_nest_entry_rubble,
          uniq_gastronok

Skill      XL: |  1  2  3  4  5  6  7  8  9 10 11 |
---------------+----------------------------------+-----
Maces & Flails | 3 4 5 6 7 9 11 13 15 | 15.8
Invocations    | 2 |  2.8
Shields        | 4 |  4.6
Fighting       | 4 |  4.6
Armour         | 4 |  4.6

Action                   |  1- 3 |  4- 6 |  7- 9 | 10-12 || total
-------------------------+-------+-------+-------+-------++-------
Melee: Flail             |   157 |    96 |     8 |       ||   261
       Whip              |       |       |   211 |       ||   211
       Mace              |       |       |   109 |   357 ||   466
Throw: Dart              |       |     5 |     3 |     4 ||    12
  Use: Scroll            |     5 |     4 |     1 |       ||    10
       Potion            |       |       |       |     1 ||     1
Armor: Scale mail        |    89 |    52 |    44 |       ||   185
       Plate armour      |       |       |    88 |   146 ||   234
Dodge: Dodged            |    43 |    11 |    54 |    43 ||   151
Block: Kite shield       |    90 |    50 |   144 |   215 ||   499
       Reflection        |       |       |     2 |     9 ||    11
